[Event "Titled Tuesday Blitz June 1 2021"]
[White "Petriashvili, Nikoloz"]
[Black "Fedoseev, Vladimir"]
[WhiteFideId "13611216"]
[BlackFideId "24130737"]
[WhiteElo "2430"]
[BlackElo "2756"]
[Result "0-1"]
[Round "04"]
[TimeControl "180+1"]
[Date "2021.06.01"]
[WhiteClock "0:00:15"]
[BlackClock "0:00:19"]

1. e4 c6 2. d4 d5 3. Nc3 dxe4 4. Nxe4 Nd7 5. Bd3 g6 6. Nf3 Bg7 7. O-O Ngf6 8. h3 O-O 9. c3 Qc7 10. Re1 c5 11. Nxf6+ Nxf6 12. dxc5 Qxc5 13. Be3 Qc7 14. Bd4 b6 15. Qe2 e6 16. Be5 Qe7 17. Rad1 Bb7 18. Ba6 Rfd8 19. Bxb7 Qxb7 20. Rxd8+ Rxd8 21. Rd1 Rxd1+ 22. Qxd1 Qd5 23. Qxd5 Nxd5 24. Kf1 f6 25. Bb8 a6 26. c4 Nb4 27. Ba7 b5 28. cxb5 axb5 29. a3 Nc6 30. Bc5 f5 31. b3 Na5 32. Nd2 Bc3 33. Nb1 Bb2 34. Nd2 Bc1 35. Bb4 Bxd2 36. Bxd2 Nxb3 37. Be3 e5 38. Ke2 Kf7 39. Kd3 Na5 40. Kc3 Nc6 41. Kb3 Ke6 42. a4 bxa4+ 43. Kxa4 f4 44. Bb6 Kd5 45. Kb3 Ke4 46. Kc3 f3 47. gxf3+ Kxf3 48. Kc4 e4 49. Kd5 Nb4+ 50. Ke5 Nd3+ 51. Kf6 Nxf2 52. h4 e3 53. Kg7 e2 54. Ba5 Kg4 55. Kxh7 Kh5 0-1


[Site "https://www.chess.com"]

[Event "Titled Tuesday Blitz June 1 2021"]
[White "Popilski, Gil"]
[Black "Garcia Pantoja, Roberto"]
[WhiteFideId "2809060"]
[BlackFideId "3509265"]
[WhiteElo "2537"]
[BlackElo "2541"]
[Result "0-1"]
[Round "04"]
[TimeControl "180+1"]
[Date "2021.06.01"]
[WhiteClock "0:00:18"]
[BlackClock "0:00:59"]

1. e4 c6 2. d4 d5 3. e5 Bf5 4. Nf3 e6 5. Be2 Ne7 6. Nbd2 c5 7. dxc5 Nd7 8. Nb3 Nc6 9. c4 dxc4 10. Bxc4 Nxc5 11. O-O Qxd1 12. Rxd1 Bg4 13. Bb5 Rc8 14. Be3 Nxb3 15. axb3 a6 16. Bxc6+ Rxc6 17. Ra4 Bxf3 18. gxf3 Bc5 19. Rc4 Bxe3 20. fxe3 Rxc4 21. bxc4 Ke7 22. Rd6 Rc8 23. b3 g5 24. Rb6 Rc7 25. Kf2 Rd7 26. Kg3 Kd8 27. Kg4 Kc7 28. Rd6 Rxd6 29. exd6+ Kxd6 30. Kxg5 Kc5 31. h4 Kb4 32. Kh6 Kxb3 33. h5 a5 34. Kxh7 a4 35. h6 a3 36. Kg8 a2 37. h7 a1=Q 38. h8=Q Qxh8+ 39. Kxh8 Kxc4 40. Kg7 b5 41. Kxf7 b4 0-1


[Site "https://www.chess.com"]

[Event "Titled Tuesday Blitz June 1 2021"]
[White "Prithu Gupta"]
[Black "Stoleriu, George"]
[WhiteFideId "46618546"]
[BlackFideId "1227505"]
[WhiteElo "1775"]
[BlackElo "2227"]
[Result "0-1"]
[Round "04"]
[TimeControl "180+1"]
[Date "2021.06.01"]
[WhiteClock "0:00:04"]
[BlackClock "0:00:17"]

1. c4 e5 2. Nc3 Nc6 3. Nf3 f5 4. d4 e4 5. d5 exf3 6. dxc6 bxc6 7. exf3 Nf6 8. Be2 Bb4 9. O-O Bxc3 10. bxc3 c5 11. Bd3 d6 12. Re1+ Kf7 13. Qc2 Qd7 14. Bg5 h6 15. Bxf6 Kxf6 16. Re3 Re8 17. Rae1 Ba6 18. f4 Rxe3 19. Rxe3 Re8 20. Kf1 Rxe3 21. fxe3 Bb7 22. Qf2 Qe6 23. Qh4+ Kg6 24. Qg4+ Kf6 25. Qh4+ Kf7 26. Kf2 Be4 27. Be2 Qf6 28. Qh5+ Qg6 29. Qh4 Qxg2+ 30. Ke1 Qg1+ 31. Kd2 Qb1 32. Qd8 Qc2+ 33. Ke1 Qxc3+ 34. Kf2 Qf6 35. Qxc7+ Qe7 36. Qb8 Qh4+ 37. Kf1 Qh3+ 38. Ke1 Qxe3 39. Qxd6 Bf3 40. Qd7+ Kg6 41. Qd6+ Kh5 42. Qd2 Qxe2+ 43. Qxe2 Bxe2 44. Kxe2 Kg4 45. Kf2 Kxf4 0-1


[Site "https://www.chess.com"]

[Event "Titled Tuesday Blitz June 1 2021"]
[White "Przybylski, Wojciech"]
[Black "Timofeev, Artyom"]
[WhiteFideId "1117599"]
[BlackFideId "4140419"]
[WhiteElo "2317"]
[BlackElo "2582"]
[Result "0-1"]
[Round "04"]
[TimeControl "180+1"]
[Date "2021.06.01"]
[WhiteClock "0:00:13"]
[BlackClock "0:00:57"]

1. e4 e6 2. d4 d5 3. Nc3 dxe4 4. Nxe4 Nd7 5. Bd3 Ngf6 6. Ne2 Be7 7. O-O b6 8. N2g3 Bb7 9. c3 O-O 10. Re1 c5 11. Be3 Nd5 12. Qh5 g6 13. Qe2 Nxe3 14. fxe3 e5 15. Ba6 Bxa6 16. Qxa6 cxd4 17. exd4 exd4 18. cxd4 Nf6 19. Rad1 Nd5 20. a3 Qd7 21. Nc3 Bf6 22. Nge4 Bg7 23. Qb5 Qxb5 24. Nxb5 Rfd8 25. Nec3 Nxc3 26. bxc3 a6 27. Nc7 Rac8 28. Nxa6 Rxc3 29. d5 Bf8 30. Nb4 Rxa3 31. Nc6 Bc5+ 32. Kh1 Rd6 33. Re8+ Kg7 34. h3 Ra2 35. Re7 Rxc6 36. dxc6 Bxe7 37. c7 Rc2 38. Rd7 Bf6 39. Kg1 Be5 0-1


[Site "https://www.chess.com"]

[Event "Titled Tuesday Blitz June 1 2021"]
[White "Quparadze, Giga"]
[Black "Makhnev, Denis"]
[WhiteFideId "13602250"]
[BlackFideId "13707647"]
[WhiteElo "2658"]
[BlackElo "2549"]
[Result "1/2-1/2"]
[Round "04"]
[TimeControl "180+1"]
[Date "2021.06.01"]
[WhiteClock "0:00:40"]
[BlackClock "0:00:44"]

1. e4 c6 2. d4 d5 3. Nc3 dxe4 4. Nxe4 Bf5 5. Ng3 Bg6 6. h4 h6 7. Nf3 e6 8. Ne5 Bh7 9. Bd3 Bxd3 10. Qxd3 Nd7 11. Bf4 Qa5+ 12. c3 Ngf6 13. O-O Be7 14. Qf3 O-O 15. Rfe1 Rad8 16. Ne4 Nxe4 17. Rxe4 Nf6 18. Re2 Qd5 19. Qe3 c5 20. Nf3 cxd4 21. cxd4 Rc8 22. Be5 Rfd8 23. Qf4 Nd7 24. Qg3 Bf8 25. b3 Rc3 26. Rae1 Rdc8 27. Qg4 Rc1 28. Rxc1 Rxc1+ 29. Kh2 Qc6 30. Bf4 Nf6 31. Qh3 Rc2 32. Ne5 Qc8 33. Qf3 Rxe2 34. Qxe2 Qc3 35. Qc4 Nd5 36. Bg3 a6 37. Nd7 b5 38. Qe2 Qxd4 39. Nxf8 Kxf8 40. Qc2 Qc3 41. Qh7 f6 42. Qh8+ Kf7 43. Qa8 Qa5 44. Qb7+ Kg6 45. h5+ Kh7 46. Qf7 Qb6 47. Qg6+ Kg8 48. Qe8+ Kh7 49. a4 bxa4 50. bxa4 e5 51. Qg6+ Kg8 52. Qe8+ Kh7 53. f3 Qd6 54. Qg6+ Kg8 55. Qe8+ Kh7 56. Qg6+ Kg8 57. Qe8+ Kh7 1/2-1/2


[Site "https://www.chess.com"]

[Event "Titled Tuesday Blitz June 1 2021"]
[White "Rakotomaharo, Fy Antenaina"]
[Black "Babiy, Olga"]
[WhiteFideId "13100050"]
[BlackFideId "14117258"]
[WhiteElo "2378"]
[BlackElo "2213"]
[Result "1-0"]
[Round "04"]
[TimeControl "180+1"]
[Date "2021.06.01"]
[WhiteClock "0:00:04"]
[BlackClock "0:00:02"]

1. e4 c5 2. Nf3 e6 3. g3 Nc6 4. Bg2 Nf6 5. d3 d6 6. O-O Be7 7. c3 Bd7 8. Re1 O-O 9. d4 cxd4 10. cxd4 d5 11. exd5 Nxd5 12. Nc3 Nxc3 13. bxc3 Rc8 14. Rb1 Na5 15. Bd2 a6 16. Ne5 Bb5 17. a4 Bc4 18. Nxc4 Rxc4 19. Bxb7 Nxb7 20. Rxb7 Bf6 21. Qb3 Qc8 22. Rb1 Qc6 23. a5 h6 24. Rb6 Qc8 25. Rb8 Qc7 26. Rxf8+ Kxf8 27. Qb8+ Bd8 28. Bf4 Qxb8 29. Rxb8 Ke7 30. Bd6+ Kd7 31. Bb4 Bc7 32. Rf8 f6 33. Rf7+ Kc6 34. Rxg7 Bd6 35. Bxd6 Kxd6 36. Ra7 Rxc3 37. Rxa6+ Kd5 38. Rb6 Ra3 39. a6 h5 40. h4 f5 41. Kg2 Ra4 42. Kf3 Rxd4 43. a7 Ra4 44. Rb7 Ke5 45. Rf7 Ra3+ 46. Ke2 Kd4 47. f3 Ra2+ 48. Kd1 Kd3 49. Kc1 Ke3 50. f4 Kf3 51. Rg7 Kf2 52. Kb1 Ra6 53. Kb2 Kf3 54. Kb3 Ke4 55. Kb4 Kd5 56. Kb5 Ra1 57. Kb6 Kd6 58. Kb7 Rb1+ 59. Kc8 Ra1 60. Kb8 Kc6 61. a8=Q+ 1-0


[Site "https://www.chess.com"]

[Event "Titled Tuesday Blitz June 1 2021"]
[White "Reprintsev, Alexander"]
[Black "NovakCabarkapa"]
[WhiteFideId "14100541"]
[WhiteElo "2177"]
[BlackElo "2816"]
[Result "0-1"]
[Round "04"]
[TimeControl "180+1"]
[Date "2021.06.01"]
[WhiteClock "0:00:06"]
[BlackClock "0:00:11"]

1. e4 e6 2. Qe2 c5 3. b3 Nc6 4. Bb2 b6 5. f4 Bb7 6. Nf3 Nf6 7. Na3 Nd4 8. Nxd4 cxd4 9. e5 Nd5 10. Qf2 Bc5 11. Bd3 g5 12. f5 Nf4 13. O-O-O exf5 14. Nc4 Qc7 15. Nd6+ Bxd6 16. exd6 Qxd6 17. Rhe1+ Ne6 18. Bxf5 O-O-O 19. g3 h6 20. Kb1 Rhe8 21. c3 Kb8 22. Rf1 Ka8 23. Bh3 Rf8 24. Bg2 Bxg2 25. Qxg2+ Qc6 26. Qh3 Nc5 27. cxd4 Nd3 28. Bc3 b5 29. Qf5 Qg6 30. Kc2 b4 31. Kxd3 bxc3 32. Qxg6 fxg6 33. dxc3 Kb7 34. c4 d5 35. c5 Kc6 36. Rde1 Rxf1 37. Rxf1 Re8 38. Rf6+ Kb5 39. Rxg6 Re1 40. Rxh6 Rd1+ 41. Kc3 Rc1+ 42. Kb2 Rd1 43. c6 Kb6 44. Kc3 Rc1+ 45. Kd2 Rh1 46. a4 Rg1 47. b4 a6 48. a5+ Kc7 49. Rg6 Rb1 50. Rxg5 Kxc6 51. Rg6+ Kb5 52. Rb6+ Kc4 53. Rxa6 Kxd4 54. Rf6 Rb2+ 55. Kc1 Rxh2 56. Rf4+ Kc3 57. Kd1 d4 58. Rf8 Kd3 59. Rf3+ Ke4 60. Rf4+ Kd3 61. Rf3+ Ke4 62. Rf8 Ke3 63. a6 Ra2 64. b5 Kd3 65. Rf3+ Kc4 66. b6 Rxa6 67. b7 Rb6 68. Rf7 Kd3 69. Ke1 Ke3 70. Kf1 d3 71. Re7+ Kf3 72. Rd7 Rb1# 0-1


[Site "https://www.chess.com"]

[Event "Titled Tuesday Blitz June 1 2021"]
[White "Ronka, Erik"]
[Black "Nenezic, Marko"]
[WhiteFideId "505080"]
[BlackFideId "912123"]
[WhiteElo "2264"]
[BlackElo "2438"]
[Result "0-1"]
[Round "04"]
[TimeControl "180+1"]
[Date "2021.06.01"]
[WhiteClock "0:00:04"]
[BlackClock "0:00:17"]

1. e4 c5 2. a3 d5 3. exd5 Qxd5 4. Nc3 Qd8 5. b4 e6 6. Nf3 Nc6 7. Bb5 Bd7 8. O-O Nf6 9. bxc5 Bxc5 10. d4 Be7 11. Bf4 O-O 12. Qd3 a6 13. Ba4 b5 14. Bb3 Na5 15. Ne5 Rc8 16. Ne4 Nxb3 17. cxb3 Nxe4 18. Qxe4 Rc3 19. b4 Bc8 20. Rac1 Rxc1 21. Rxc1 Bf6 22. h3 h6 23. Rc5 Qe7 24. Qc6 Bb7 25. Qb6 Rc8 26. Rxc8+ Bxc8 27. Qb8 Qb7 28. Qd6 Qe4 29. Be3 Bb7 30. Nf3 Qc6 31. Qxc6 Bxc6 32. Ne5 Bb7 33. f3 h5 34. Nd7 Be7 35. Nc5 Bc8 36. Kf2 h4 37. Ke2 Kf8 38. Kd3 g5 39. Ne4 f6 40. Nc3 Bb7 41. Ne4 Kf7 42. Nc5 Bc8 43. Ke4 Bd6 44. Kd3 Kg6 45. d5 exd5 46. Kd4 Be5+ 47. Kxd5 Bb2 48. Kc6 Bxa3 49. Kc7 Bf5 50. Nxa6 Bd3 51. Kb6 Bf1 52. Nc7 Bxg2 53. Nxb5 Bb2 54. Bd4 Bc1 55. Kc7 Bxh3 56. Nd6 Bg2 57. b5 h3 58. b6 Bxf3 59. Bg1 Bf4 60. Kd7 h2 61. b7 Bxb7 62. Bxh2 Bxh2 63. Nxb7 Kf5 64. Kc6 Be5 65. Kd5 g4 66. Kc4 g3 67. Kd3 g2 0-1


[Site "https://www.chess.com"]

[Event "Titled Tuesday Blitz June 1 2021"]
[White "Rostovtsev, Dmitry"]
[Black "Visakh N R"]
[WhiteFideId "34278320"]
[BlackFideId "25012223"]
[WhiteElo "2143"]
[BlackElo "2428"]
[Result "0-1"]
[Round "04"]
[TimeControl "180+1"]
[Date "2021.06.01"]
[WhiteClock "0:00:06"]
[BlackClock "0:00:38"]

1. e4 c5 2. Nf3 Nc6 3. d4 cxd4 4. Nxd4 Nf6 5. Nc3 e5 6. Ndb5 d6 7. Nd5 Nxd5 8. exd5 Nb8 9. Qf3 a6 10. Qa3 Be7 11. Bg5 f6 12. Bd2 O-O 13. Bb4 axb5 14. Qxa8 Na6 15. Bd2 Qb6 16. Be3 Qa5+ 17. Bd2 Qa4 18. Qa7 Qxc2 19. Qe3 Qxb2 20. Qc3 Qxc3 21. Bxc3 Bd7 22. Rb1 Nc7 23. Ba5 Nxd5 24. Bxb5 Be6 25. Bc4 Ra8 26. Bd2 Ra4 27. Bb3 Re4+ 28. Kf1 Kf7 29. f3 Rd4 30. Ke2 b5 31. Rhd1 b4 32. Be1 Nf4+ 33. Kf2 Nd3+ 34. Ke3 Nxe1 35. Bxe6+ Kxe6 36. Rxe1 f5 37. Rb2 Rc4 38. Reb1 d5 39. Ke2 e4 40. f4 d4 41. g3 d3+ 42. Kd2 Bf6 43. Rb3 Rc2+ 44. Kd1 Bc3 45. a4 e3 0-1


[Site "https://www.chess.com"]

[Event "Titled Tuesday Blitz June 1 2021"]
[White "Rychagov, Andrey"]
[Black "Remolar Gallen, Jose"]
[WhiteFideId "4119932"]
[BlackFideId "2215187"]
[WhiteElo "2527"]
[BlackElo "2203"]
[Result "0-1"]
[Round "04"]
[TimeControl "180+1"]
[Date "2021.06.01"]
[WhiteClock "0:00:03"]
[BlackClock "0:00:13"]

1. d4 Nf6 2. c4 g6 3. Nf3 Bg7 4. Nc3 d6 5. e4 O-O 6. Be2 e5 7. Be3 Ng4 8. Bg5 f6 9. Bh4 g5 10. Bg3 Nh6 11. dxe5 dxe5 12. Qd5+ Nf7 13. O-O-O Qe7 14. c5 Be6 15. Qxb7 Nd7 16. c6 Nc5 17. Qb4 Rfb8 18. Qa3 Rb6 19. Nd5 Bxd5 20. exd5 Rab8 21. Rd2 f5 22. Rc2 Rxb2 23. Qxc5 Qxc5 24. Rxc5 Rxe2 25. h4 f4 26. Bh2 Rbb2 27. Rd1 Rxa2 28. Nd2 e4 29. hxg5 e3 30. fxe3 fxe3 31. Nb3 Bb2+ 32. Kb1 Ba3 33. Rb5 Reb2+ 34. Kc1 Rxb3# 0-1


[Site "https://www.chess.com"]

[Event "Titled Tuesday Blitz June 1 2021"]
[White "Sammed_Shete"]
[Black "Berend, Elvira"]
[BlackFideId "4000510"]
[WhiteElo "2699"]
[BlackElo "2340"]
[Result "0-1"]
[Round "04"]
[TimeControl "180+1"]
[Date "2021.06.01"]
[WhiteClock "0:01:08"]
[BlackClock "0:01:35"]

1. d4 Nf6 2. c4 e6 3. Nf3 Bb4+ 4. Nbd2 O-O 5. Qc2 d5 6. e3 b6 7. Bd3 Bb7 8. O-O Nbd7 9. cxd5 exd5 10. Ne5 Bxd2 11. Bxd2 c5 12. Nxd7 Qxd7 13. dxc5 Rac8 14. b4 Qe7 15. Rac1 Ne4 16. Bxe4 dxe4 17. Rfd1 bxc5 18. bxc5 Rc6 19. Bb4 Rfc8 20. Qb2 h5 21. Rd6 Qxd6 22. cxd6 Rxc1+ 0-1


[Site "https://www.chess.com"]

[Event "Titled Tuesday Blitz June 1 2021"]
[White "Samsonkin, Artiom"]
[Black "Fayzullaev, Akmal"]
[WhiteFideId "13503111"]
[BlackFideId "14200554"]
[WhiteElo "2513"]
[BlackElo "2264"]
[Result "0-1"]
[Round "04"]
[TimeControl "180+1"]
[Date "2021.06.01"]
[WhiteClock "0:00:04"]
[BlackClock "0:00:37"]

1. e4 e5 2. Nf3 Nc6 3. d4 exd4 4. Bc4 Bc5 5. Ng5 Nh6 6. Nxf7 Nxf7 7. Bxf7+ Kxf7 8. Qh5+ g6 9. Qxc5 d5 10. O-O dxe4 11. c3 Re8 12. cxd4 Qxd4 13. Qg5 Qe5 14. Qh4 Kg8 15. Nc3 Bf5 16. Bf4 Qa5 17. Rad1 Rad8 18. Bg5 Rd3 19. Rfe1 Ne5 20. Bf6 Rxd1 21. Rxd1 Ng4 22. Bg5 e3 23. Bxe3 Nxe3 24. fxe3 Qe5 25. Nd5 Kg7 26. Qd4 c6 27. Nc3 Kf7 28. Qxe5 Rxe5 29. Kf2 b5 30. Rd4 a5 31. a3 Ke7 32. g4 Bc8 33. Re4 Rxe4 34. Nxe4 Bxg4 35. Kg3 Bf5 36. Nc3 h6 37. Kf4 Kf6 38. e4 g5+ 39. Ke3 Bg6 40. Kd4 Ke6 41. Kc5 Kd7 42. e5 Bf5 43. Ne2 h5 44. Nd4 Be4 45. b4 axb4 46. axb4 g4 47. Ne2 h4 48. Nf4 g3 49. hxg3 hxg3 50. e6+ Ke7 51. Kd4 g2 52. Ne2 Bf3 53. Ng1 Bd5 54. Ke5 Bxe6 55. Ne2 Bd5 56. Ng1 Kf7 57. Ne2 Kg6 58. Kf4 Kh5 59. Kg3 Kg5 60. Kf2 Kf5 61. Ke3 Ke5 62. Kf2 Bc4 63. Nc3 Kd4 64. Nd1 Bd5 65. Ne3 g1=Q+ 0-1


[Site "https://www.chess.com"]

[Event "Titled Tuesday Blitz June 1 2021"]
[White "Sanal, Vahap"]
[Black "Blomqvist, Erik"]
[WhiteFideId "6300545"]
[BlackFideId "1709437"]
[WhiteElo "2507"]
[BlackElo "2460"]
[Result "1-0"]
[Round "04"]
[TimeControl "180+1"]
[Date "2021.06.01"]
[WhiteClock "0:02:00"]
[BlackClock "0:00:33"]

1. e4 c5 2. Nc3 d6 3. d4 cxd4 4. Qxd4 Nc6 5. Qd2 g6 6. b3 Bg7 7. Bb2 Nf6 8. O-O-O O-O 9. f3 Be6 10. h4 Qa5 11. Nge2 Rfc8 12. Nf4 Bh6 13. g4 Bxg4 14. fxg4 Nxg4 15. Kb1 Nb4 16. a3 Nxc2 17. Kxc2 1-0


[Site "https://www.chess.com"]

[Event "Titled Tuesday Blitz June 1 2021"]
[White "Sarana, Alexey"]
[Black "Bacrot, Etienne"]
[WhiteFideId "24133795"]
[BlackFideId "605506"]
[WhiteElo "2629"]
[BlackElo "2673"]
[Result "0-1"]
[Round "04"]
[TimeControl "180+1"]
[Date "2021.06.01"]
[WhiteClock "0:00:09"]
[BlackClock "0:00:19"]

1. e4 c5 2. Nf3 d6 3. d4 cxd4 4. Nxd4 Nf6 5. Nc3 Nc6 6. Bg5 Bd7 7. Qd2 a6 8. f4 e6 9. O-O-O Be7 10. Nf3 Qa5 11. Kb1 Rd8 12. Bd3 b5 13. a3 b4 14. Na2 bxa3 15. Qxa5 Nxa5 16. b3 Bc8 17. Nc3 h6 18. Bh4 Nc6 19. Rhe1 Nb4 20. Bc4 Bb7 21. Rd4 Nc6 22. Rdd1 Nb4 23. Rd4 Nc6 24. Rd2 Nb4 25. Rde2 Rc8 26. Nd2 Nd7 27. Bxe7 Kxe7 28. Na2 Nc6 29. Bd3 Nc5 30. Nc1 Nd4 31. Rf2 Nxd3 32. cxd3 Rc2 33. Ref1 Rb2+ 34. Ka1 Nc2# 0-1


[Site "https://www.chess.com"]

[Event "Titled Tuesday Blitz June 1 2021"]
[White "Sargsyan, Anna M."]
[Black "Jobava, Baadur"]
[WhiteFideId "13308130"]
[BlackFideId "13601520"]
[WhiteElo "2263"]
[BlackElo "2748"]
[Result "1-0"]
[Round "04"]
[TimeControl "180+1"]
[Date "2021.06.01"]
[WhiteClock "0:00:12"]
[BlackClock "0:01:26"]

1. e4 e5 2. Nf3 Nf6 3. Nc3 d6 4. d4 Nbd7 5. Bd3 Be7 6. O-O O-O 7. Re1 Re8 8. h3 c6 9. Bg5 h6 10. Bh4 Nh5 11. Bxe7 Qxe7 12. Bf1 Nhf6 13. Qd2 Nf8 14. Rad1 Ng6 15. a3 Be6 16. g3 Rad8 17. Bg2 Bc8 18. Qc1 h5 19. Qg5 Nf8 20. dxe5 dxe5 21. Rxd8 Qxd8 22. Rd1 Qe7 23. Qd2 Ng6 24. Qg5 b6 25. Bf1 Nf8 26. Qd2 N6d7 27. Qd6 Ne6 28. Qxc6 Qf6 29. Bg2 Nec5 30. Rd6 Qe7 31. Nd5 Qf8 32. Qc7 Ne6 33. Qc6 Ndc5 34. Nc7 Bb7 35. Qxe8 1-0


[Site "https://www.chess.com"]

[Event "Titled Tuesday Blitz June 1 2021"]
[White "Sawlin, Leonid"]
[Black "Macovei, Andrei"]
[WhiteFideId "4689542"]
[BlackFideId "13904680"]
[WhiteElo "2412"]
[BlackElo "2439"]
[Result "1-0"]
[Round "04"]
[TimeControl "180+1"]
[Date "2021.06.01"]
[WhiteClock "0:01:18"]
[BlackClock "0:01:34"]

1. e4 c5 2. Nf3 d6 3. d4 cxd4 4. Nxd4 Nf6 5. Nc3 a6 6. Bg5 e6 7. f4 h6 8. Bh4 Qb6 9. Qd2 Qxb2 10. Rb1 Qa3 11. e5 dxe5 12. fxe5 Nfd7 13. Be2 Bb4 14. Rb3 Qa5 15. Nxe6 Qxe5 16. Rxb4 fxe6 17. Re4 Qc5 18. Rxe6+ Kf7 19. Rf1+ Kxe6 20. Bg4+ Ke5 21. Bg3# 1-0


[Site "https://www.chess.com"]

[Event "Titled Tuesday Blitz June 1 2021"]
[White "Senthil Maran K"]
[Black "Lovkov, Roman"]
[WhiteFideId "25035681"]
[BlackFideId "4157389"]
[WhiteElo "2194"]
[BlackElo "2387"]
[Result "0-1"]
[Round "04"]
[TimeControl "180+1"]
[Date "2021.06.01"]
[WhiteClock "0:00:04"]
[BlackClock "0:01:07"]

1. d4 Nf6 2. c4 g6 3. g3 Bg7 4. Bg2 d5 5. cxd5 Nxd5 6. Nf3 O-O 7. O-O Nb6 8. Nc3 Nc6 9. d5 Na5 10. Qc2 c6 11. dxc6 Nxc6 12. Rd1 Bd7 13. Bf4 Qc8 14. Rac1 Bf5 15. Qb3 Rd8 16. Nb5 Be6 17. Qc2 Nd5 18. a3 a6 19. Nc3 Nxc3 20. bxc3 Rxd1+ 21. Rxd1 Na5 22. Nd4 Bd7 23. Bg5 e5 24. Nf3 Be6 0-1


[Site "https://www.chess.com"]

[Event "Titled Tuesday Blitz June 1 2021"]
[White "Shahade, Gregory"]
[Black "Heinemann, Josefine"]
[WhiteFideId "2009064"]
[BlackFideId "12900460"]
[WhiteElo "2715"]
[BlackElo "2300"]
[Result "1-0"]
[Round "04"]
[TimeControl "180+1"]
[Date "2021.06.01"]
[WhiteClock "0:00:07"]
[BlackClock "0:00:10"]

1. e4 e5 2. Nf3 Nc6 3. Bb5 Nf6 4. d3 Bc5 5. O-O Nd4 6. Nxd4 Bxd4 7. c3 Bb6 8. Ba4 O-O 9. Bg5 h6 10. Bh4 c6 11. Nd2 d6 12. Nc4 Bc7 13. Ne3 Be6 14. Bb3 g5 15. Bg3 Kg7 16. Re1 Ng8 17. d4 Ne7 18. Bxe6 fxe6 19. dxe5 dxe5 20. Qb3 Qc8 21. Rad1 Ng6 22. Nc4 Rf7 23. Nd6 Bxd6 24. Rxd6 Re7 25. Red1 Kf7 26. Qc4 Qc7 27. Qc5 Qb6 28. Qa3 Rae8 29. b3 a6 30. Qb2 a5 31. Qe2 Qc5 32. R6d3 Kg7 33. Qg4 b5 34. h4 gxh4 35. Bxh4 h5 36. Bxe7 Qxe7 37. Qxh5 Rh8 38. Qg4 Rh4 39. Qg3 Qf6 40. Rd7+ Kh6 41. Rc7 Nf4 42. Rd2 Rh5 43. f3 Rg5 44. Qh4+ Rh5 45. Qxf6+ 1-0


[Site "https://www.chess.com"]

[Event "Titled Tuesday Blitz June 1 2021"]
[White "Shapkin, Anatoliy"]
[Black "Meissner, Felix"]
[WhiteFideId "34108332"]
[BlackFideId "24671827"]
[WhiteElo "2223"]
[BlackElo "2390"]
[Result "1-0"]
[Round "04"]
[TimeControl "180+1"]
[Date "2021.06.01"]
[WhiteClock "0:00:01"]
[BlackClock "0:00:04"]

1. d4 g6 2. c4 Bg7 3. e4 d6 4. Nf3 Nc6 5. Be2 e5 6. d5 Nce7 7. Nc3 f5 8. c5 Nf6 9. Bb5+ Bd7 10. Bxd7+ Qxd7 11. cxd6 cxd6 12. Ng5 O-O 13. O-O Rac8 14. Ne6 Rf7 15. f3 Nh5 16. Be3 a6 17. Qd2 b5 18. Rac1 Nf6 19. a3 fxe4 20. fxe4 Bh8 21. Qd3 Rc4 22. b3 Rc8 23. h3 h5 24. Ne2 Ne8 25. Rxf7 Kxf7 26. Rf1+ Nf6 27. Bg5 Ng8 28. Qe3 Rc2 29. Ng3 Ke8 30. Bxf6 Bxf6 31. Qf3 Qa7+ 32. Kh1 h4 33. Ne2 Qh7 34. Ng1 Qh5 35. Qd3 Rc8 36. Nf3 g5 37. Nh2 Be7 38. Ng4 Qg6 39. a4 bxa4 40. bxa4 Nf6 41. Nxf6+ Bxf6 42. Qf3 Be7 43. Qg4 Rc2 44. Rb1 Rc4 45. Rb8+ Kf7 46. Nd8+ Kg7 47. Qd7 Qf6 48. Ne6+ Kh6 49. Rh8+ Qxh8 50. Qxe7 Rc1+ 51. Kh2 Qg8 52. Qf6+ Qg6 53. Qf8+ Kh7 54. Qe7+ Kh6 55. Qf8+ Kh7 56. Qxd6 Qf6 57. Qd7+ Kh6 58. Qe8 Re1 59. d6 Qf2 60. Qf8+ Kg6 61. Qxf2 1-0


[Site "https://www.chess.com"]

[Event "Titled Tuesday Blitz June 1 2021"]
[White "Shevtchenko, Olesya"]
[Black "Can, Emre"]
[WhiteFideId "24131890"]
[BlackFideId "6302181"]
[WhiteElo "2003"]
[BlackElo "2503"]
[Result "0-1"]
[Round "04"]
[TimeControl "180+1"]
[Date "2021.06.01"]
[WhiteClock "0:00:44"]
[BlackClock "0:01:32"]

1. e4 c5 2. Nf3 d6 3. d4 cxd4 4. Nxd4 Nf6 5. Nc3 g6 6. f3 Bg7 7. Be3 O-O 8. Qd2 Nc6 9. O-O-O Nxd4 10. Bxd4 Be6 11. g4 Qa5 12. Kb1 Rfc8 13. Nd5 Qxd2 14. Nxf6+ Bxf6 15. Rxd2 Bxd4 16. Rxd4 g5 17. h4 h6 18. hxg5 hxg5 19. Be2 Kg7 20. c3 Rh8 21. Rxh8 Rxh8 22. Kc2 Kf6 23. Kd2 Rh3 24. Rb4 b6 25. Ke3 Bxa2 26. Ra4 Be6 27. Rxa7 Bxg4 28. Rb7 Bxf3 29. Bxf3 g4 30. Rxb6 Rxf3+ 31. Ke2 Ke5 32. Rb4 e6 33. Rd4 Rf4 34. b4 Rxe4+ 35. Rxe4+ Kxe4 36. c4 Kd4 37. c5 dxc5 38. b5 Kd5 39. Ke3 c4 40. Kf4 c3 41. Kg5 c2 42. Kh6 c1=Q+ 43. Kg7 g3 44. Kf8 Qc8+ 45. Kxf7 g2 46. Ke7 g1=Q 47. Kf6 Qf2+ 48. Kg5 Qg8+ 0-1


[Site "https://www.chess.com"]

[Event "Titled Tuesday Blitz June 1 2021"]
[White "Shyaamnikhil P"]
[Black "Kollars, Dmitrij"]
[WhiteFideId "5024218"]
[BlackFideId "12909572"]
[WhiteElo "2300"]
[BlackElo "2576"]
[Result "1/2-1/2"]
[Round "04"]
[TimeControl "180+1"]
[Date "2021.06.01"]
[WhiteClock "0:00:10"]
[BlackClock "0:00:15"]

1. e4 e5 2. Nf3 Nc6 3. Bb5 a6 4. Ba4 g6 5. c3 d6 6. d4 Bd7 7. Bg5 f6 8. Be3 Bg7 9. dxe5 dxe5 10. Nbd2 Nh6 11. Bb3 Nf7 12. Bc5 Ne7 13. Nc4 Be6 14. Ne3 Bxb3 15. Qxb3 b6 16. Rd1 Qc8 17. Bxe7 Kxe7 18. Nd5+ Kf8 19. Qa3+ Nd6 20. Nxb6 cxb6 21. Rxd6 Kf7 22. Qb3+ Ke7 23. Rxb6 Rd8 24. O-O Rb8 25. Rxb8 Qxb8 26. Qxb8 Rxb8 27. b3 Rd8 28. Rc1 f5 29. exf5 gxf5 30. Kf1 e4 31. Nd4 Bxd4 32. cxd4 Rxd4 33. Ke2 a5 34. Rc5 Ke6 35. Rxa5 Rd7 36. f3 Rd3 37. fxe4 fxe4 38. Rc5 Kd6 39. Rh5 Rc3 40. g4 Ke6 41. Rxh7 Ke5 42. Re7+ Kf4 43. Rf7+ Ke5 44. g5 Rc2+ 45. Ke3 Rc3+ 46. Ke2 Rc2+ 47. Ke3 Rc3+ 48. Kd2 Rh3 49. g6 Rxh2+ 50. Ke3 Rh3+ 51. Kf2 e3+ 52. Kg2 Rh6 53. Kf3 Rxg6 54. Kxe3 Rg2 55. Rf2 Rg3+ 56. Kd2 Kd4 57. Kc2 Kc5 58. Kb2 Rg4 59. Rc2+ Kb4 60. a3+ Kb5 61. Rd2 Rf4 62. Rd5+ Kc6 63. Rd2 Kc5 64. Kc3 Rf3+ 65. Rd3 Rf1 66. b4+ Kb5 67. Rd5+ Kb6 68. Rc5 Rb1 69. Rh5 Ka6 70. a4 Rc1+ 71. Kb3 Rb1+ 72. Kc3 Rc1+ 73. Kb2 Rf1 74. Rh6+ Kb7 75. Kb3 Rf3+ 76. Kc4 Rf4+ 77. Kc3 Rf3+ 78. Kc2 Rf2+ 79. Kd3 Rf3+ 80. Ke4 Rb3 81. b5 Rb4+ 82. Kd5 Rxa4 83. Kc5 Rg4 84. Rh7+ Kb8 85. Kb6 Rg6+ 86. Ka5 Rf6 87. b6 Rf1 88. Kb5 Rb1+ 89. Kc6 Rc1+ 90. Kb5 Rb1+ 91. Kc6 Rc1+ 92. Kb5 Rb1+ 1/2-1/2


[Site "https://www.chess.com"]

[Event "Titled Tuesday Blitz June 1 2021"]
[White "Sirosh, Ilja"]
[Black "Fier, Alexandr"]
[WhiteFideId "4500458"]
[BlackFideId "2107139"]
[WhiteElo "2241"]
[BlackElo "2569"]
[Result "0-1"]
[Round "04"]
[TimeControl "180+1"]
[Date "2021.06.01"]
[WhiteClock "0:00:01"]
[BlackClock "0:00:06"]

1. e4 c5 2. Nf3 e6 3. d4 cxd4 4. Nxd4 Nf6 5. Nc3 d6 6. Be3 Be7 7. f3 O-O 8. Qd2 e5 9. Nb3 Be6 10. O-O-O a5 11. a4 Nc6 12. g4 Nb4 13. Kb1 Rc8 14. g5 Ne8 15. f4 exf4 16. Bxf4 f6 17. h4 f5 18. Bd3 Nxd3 19. Qxd3 fxe4 20. Qxe4 Bf5 21. Qd5+ Kh8 22. Bg3 Nc7 23. Qxa5 Qd7 24. Rhe1 Ne6 25. Qb5 Qc7 26. Nd4 Nxd4 27. Rxd4 Bg6 28. Rxe7 Qxe7 29. Bxd6 Qe1+ 30. Rd1 Qf2 31. Bxf8 Qxc2+ 32. Ka1 Rxf8 33. Qxb7 Bh5 34. Qb4 Ra8 35. Rd7 Qf2 36. Qd4 Qf1+ 37. Ka2 Bf7+ 38. b3 Rb8 39. Rd8+ Rxd8 40. Qxd8+ Bg8 41. Qb6 Qe1 42. Nb5 Qxh4 43. a5 Qa4+ 44. Kb2 Qxb3+ 45. Kc1 Qc4+ 46. Kd2 Qf4+ 47. Kc3 Qg3+ 48. Kb4 Qb3+ 49. Kc5 Qc4+ 50. Kd6 h5 51. a6 Qf4+ 52. Kc6 Qe4+ 53. Kc7 Qf4+ 54. Kb7 h4 55. a7 Bd5+ 0-1


[Site "https://www.chess.com"]